 Dungeon Crawl Stone Soup version 0.28-a0-983-g1de4e0787c (webtiles) character file.

Game seed: 217358831830034548

391 AarnesTheHuman the Gusty (level 6, 0/33 HPs)
             Began as a Tengu Air Elementalist on Dec 3, 2021.
             Was a Follower of Nemelex Xobeh.
             Slain by a phantom (6 damage)
             ... on level 5 of the Dungeon.
             The game lasted 00:15:06 (7632 turns).

AarnesTheHuman the Gusty (Tengu Air Elementalist)   Turns: 7632, Time: 00:15:07

Health: 0/33       AC:  3    Str:  9    XL:     6   Next: 80%
Magic:  1/11       EV: 13    Int: 17    God:    Nemelex Xobeh [*.....]
Gold:   211        SH:  5    Dex: 14    Spells: 8/11 levels left

rFire   . . .      SeeInvis .   a - +2 whip (freeze)
rCold   . . .      Faith    .   o - +0 buckler
rNeg    . . .      Spirit   .   r - +0 leather armour
rPois   .          Reflect  .   (helmet restricted)
rElec   .          Harm     .   n - scarf {+Inv}
rCorr   .          Rampage  .   (no gloves)
Will    .....                   (boots unavailable)
Stlth   ++........              (no amulet)
HPRegen 0.11/turn               (no ring)
MPRegen 0.12/turn               (no ring)

@: flying quickly and evasively, quick
A: beak, talons 3, nimble flight
a: Renounce Religion, Evoke Invisibility, Draw Escape, Draw Destruction, Draw
Summoning


You were on level 5 of the Dungeon.
You worshipped Nemelex Xobeh.
Nemelex Xobeh was aware of your devotion.
You visited 1 branch of the dungeon, and saw 5 of its levels.

You collected 211 gold pieces.

Inventory:

Hand Weapons
 a - a +2 whip of freezing (weapon)
 b - a +2 dagger of draining
 c - a +0 club
 u - a +3 whip
Missiles
 d - 22 sling bullets
 h - 98 stones
 l - 24 poisoned darts
Armour
 e - a +0 robe
 n - a scarf of invisibility (worn)
 o - a +0 buckler (worn)
 r - a +0 leather armour (worn)
Magical Staves
 s - a staff of death
Scrolls
 i - a scroll of magic mapping
 m - a scroll of fear
Potions
 f - a potion of mutation {unknown}
 j - 3 potions of curing {unknown}
 p - a potion of degeneration {unknown}
 q - a potion of berserk rage {unknown}
 t - a potion of cancellation {unknown}


   Skills:
 - Level 0.9 Fighting
 - Level 2.1 Dodging
 - Level 2.0 Stealth
 * Level 3.3 Shields
 + Level 3.2 Spellcasting
 - Level 2.1 Conjurations
 * Level 6.5 Air Magic
 + Level 1.6 Invocations


You had 8 spell levels left.
You knew the following spells:

 Your Spells              Type           Power      Damage    Failure   Level
a - Shock                 Conj/Air       68%        1d7       4%          1
b - Static Discharge      Conj/Air       17%        N/A       6%          2

Your spell library contained the following spells:

 Spells                   Type           Power      Damage    Failure   Level
 Swiftness                Air            25%        N/A       5%          3
 Magic Dart               Conj           36%        1d4       11%         1
 Airstrike                Air            12%        N/A       17%         4
 Mephitic Cloud           Conj/Pois/Air  12%        N/A       24%         3
 Call Imp                 Summ           2%         N/A       36%         2


Dungeon Overview and Level Annotations

Branches:
Dungeon (5/15)
 Temple: D:4-7

Altars:
Ashenzari
Cheibriados
Fedhas
Nemelex Xobeh
Okawaru
Trog
Zin

Shops:
D:3 [

Annotations:
D:4 2 transporters
D:5 exclusion: door, Duvessa, Pikel


Innate Abilities, Weirdness & Mutations

You have a beak for a mouth.
You have claws for feet.
Your magical nature lets you fly swiftly and evasively.


Message History

You are struck by an arc of lightning.
The lightning grounds out.
The phantom hits you.
Casting: Static Discharge (safe; 6% risk of failure)
Confirm with . or Enter, or press ? or * to list all spells.
The phantom is struck by an arc of lightning.
The phantom is heavily damaged.
You are struck by an arc of lightning.
The lightning grounds out.
You block the phantom's attack.
Casting: Static Discharge (safe; 6% risk of failure)
Confirm with . or Enter, or press ? or * to list all spells.
The phantom is struck by an arc of lightning.
The phantom is severely damaged.
The lightning grounds out.
The phantom hits you but does no damage.
Casting: Static Discharge (safe; 6% risk of failure)
Confirm with . or Enter, or press ? or * to list all spells.
You don't have enough magic to cast this spell.
You closely miss the phantom. Your peck misses the phantom.
The phantom is severely damaged.
The phantom hits you!
Unknown command.
You hit the phantom but do no damage. You claw the phantom.
The phantom is almost destroyed.
The phantom hits you.
You hit the phantom but do no damage. Your kick misses the phantom.
The phantom is almost destroyed.
The phantom barely misses you.
You barely miss the phantom.
The phantom is severely damaged.
The phantom hits you but does no damage.
You barely miss the phantom. You claw the phantom.
The phantom is almost destroyed.
The phantom hits you.
* * * LOW HITPOINT WARNING * * *
The phantom blinks!
You blink.
You miss the phantom.
The phantom is almost destroyed.
The phantom hits you.
You die...
Your body disappears without a glow.

,,,........#,,*,....,,,,,,,,*
,,,........####.......#******
****######..§§........#,,,,,*
,,,,#....#...........)#.,,,,*
,,,,#....'............'.,,,,*
#######'##............#,,,,,*
.........####+#.......#,,,,**
.........#....#.......#.,,,**
.........'....+.@W<...'.,,,,*
.†.......######.......#.,,,,*
###....####...........#,,,,,*
..#....'..#....#+######,,,,**
..#....#..+....#,,,,,>*,,,,**
..'....#..#....#,,,,,,+,,,,,*
###....##+#....########,,,,,*
....#'##..............#,,,,**
....#..#..............#,,,,**


You could see a phantom.

Vanquished Creatures
  A necrophage (D:4)
  A scorpion (D:4)
  A howler monkey (D:5)
  2 hound skeletons (D:4)
  7 gnolls (D:4)
  3 adders
  3 worms
  A dart slug (D:1)
  7 orcs (D:4)
  9 endoplasms
  2 giant cockroaches
  8 goblins
  6 hobgoblins
  4 quokkas
  7 ball pythons
  6 bats
  5 frilled lizards
  3 kobolds
  3 rats
79 creatures vanquished.

Vanquished Creatures (others)
  2 plants (D:2)
2 creatures vanquished.

Grand Total: 81 creatures vanquished

Notes
Turn   | Place    | Note
-------+----------+-------------------------------------------
     0 | D:1      | AarnesTheHuman the Tengu Air Elementalist began the quest
                  | for the Orb.
     0 | D:1      | Reached XP level 1. HP: 10/10 MP: 4/4
   505 | D:1      | Reached XP level 2. HP: 16/16 MP: 1/6
  1634 | D:2      | Reached XP level 3. HP: 20/20 MP: 5/7
  1637 | D:2      | Learned a level 2 spell: Static Discharge
  2162 | D:2      | Found a faded altar of an unknown god.
  3135 | D:3      | Reached skill level 1 in Shields
  3135 | D:3      | Reached skill level 5 in Air Magic
  3466 | D:3      | Reached XP level 4. HP: 24/24 MP: 6/8
  3494 | D:3      | Found a glowing silver altar of Zin.
  3500 | D:3      | Found a blossoming altar of Fedhas.
  3500 | D:3      | Found a bloodstained altar of Trog.
  3501 | D:3      | Found a broken altar of Ashenzari.
  3502 | D:3      | Found a snail-covered altar of Cheibriados.
  3506 | D:3      | Found a sparkling altar of Nemelex Xobeh.
  3507 | D:3      | Found an iron altar of Okawaru.
  3612 | D:3      | Became a worshipper of Nemelex Xobeh the Trickster
  3818 | D:3      | Found Nibrunkoi's Antique Armour Shop.
  4543 | D:4      | Gained mutation: Your magical nature lets you fly swiftly
                  | and evasively. [Tengu growth]
  4543 | D:4      | Reached XP level 5. HP: 26/28 MP: 0/10
  5055 | D:4      | Found a transporter.
  5146 | D:4      | Reached skill level 1 in Invocations
  5225 | D:4      | Reached * piety under Nemelex Xobeh
  5230 | D:4      | Found a transporter.
  6067 | D:4      | Reached skill level 6 in Air Magic
  6067 | D:4      | Reached XP level 6. HP: 33/33 MP: 6/11
  6348 | D:4      | Found a transporter.
  7019 | D:4      | Found a transporter.
  7142 | D:5      | Entered Level 5 of the Dungeon
  7142 | D:5      | Noticed Pikel
  7145 | D:5      | Noticed Duvessa
  7342 | D:5      | Noticed a necrophage
  7399 | D:4      | Killed a necrophage
  7537 | D:5      | Received a gift from Nemelex Xobeh
  7632 | D:5      | Slain by a phantom

Illustrated notes

Levels and vault maps discovered:
D:1:      kennysheep_arrival_forest, layout_loops_ring,
          chequers_serial_rivers_large_b
D:2:      layout_loops_cross, hellmonk_ecumenical_altar_pennies_from_heaven,
          chequers_big_river
D:3:      layout_loops_ring, minitemple, serial_shops, nicolae_shop_stone,
          chequers_serial_rivers_micro_a
D:4:      gammafunk_cloud_chamber, layout_basic
D:5:      layout_gridville, uniq_sigmund, uniq_duvessa, uniq_pikel

Skill      XL: |  1  2  3  4  5  6 |
---------------+-------------------+-----
Conjurations   | 2 |  2.1
Shields        | 1 2 3 |  3.3
Air Magic      | 5 6 |  6.5
Invocations    | 1 |  1.6
Spellcasting   | 3 |  3.2
Fighting       | |  0.9
Dodging        | |  2.1
Stealth        | |  2.0

Action                   |  1- 3 |  4- 6 || total
-------------------------+-------+-------++-------
Melee: Unarmed           |     2 |       ||     2
       Whip              |     6 |    22 ||    28
       Kick              |       |     5 ||     5
 Cast: Shock             |    81 |    86 ||   167
       Static Discharge  |     1 |    19 ||    20
  Use: Scroll            |       |     5 ||     5
Armor: Robe              |     5 |       ||     5
       Leather armour    |       |     5 ||     5
Dodge: Dodged            |     8 |    16 ||    24
Block: Buckler           |       |     2 ||     2

Table legend: (Time is in decaauts)
 A = Elapsed time spent in this place.
 B = Non-inter-level travel time spent in this place.
 C = Inter-level travel time spent in this place.
 D = Time resting spent in this place.
 E = Time spent auto-exploring this place.
 F = Levels seen in this place.
 G = Mean time per level.
                   A        B        C        D        E       F      G
               +--------+--------+--------+--------+--------+-----+--------+
         Total |   7483 |   6913 |    570 |   1608 |   4602 |   5 | 1496.6 |
       Dungeon |   7483 |   6913 |    570 |   1608 |   4602 |   5 | 1496.6 |
               +--------+--------+--------+--------+--------+-----+--------+

Top non-repeatable levels by time:
     D:4: 2885 daAuts
     D:1: 1666 daAuts
     D:3: 1351 daAuts
     D:2: 1333 daAuts
     D:5: 247 daAuts
